 Dungeon Crawl Stone Soup version 0.29.1-2-gbd0b4ee654 (webtiles) character file.

Game seed: 14563486599398344687

427 zeram the Caller (level 6, -6/43 (53) HPs)
             Began as a Troll Summoner on Nov 16, 2022.
             Mangled by a wight
             ... wielding a +0 mace
              (13 damage)
             ... on level 3 of the Dungeon.
             The game lasted 00:06:28 (2918 turns).

zeram the Caller (Troll Summoner)                   Turns: 2918, Time: 00:06:28

HP:   -6/43 (53)    AC:  5    Str: 17    XL:     6   Next: 65%
MP:   5/7           EV: 10    Int: 19    God:
Gold: 308           SH:  0    Dex: 10    Spells: 2/8 levels left

rFire   . . .      SeeInvis .   n - +1 whip (venom)
rCold   . . .      Faith    .   (no shield)
rNeg    . . .      Spirit   .   a - +1 robe
rPois   .          Reflect  .   (helmet restricted)
rElec   .          Harm     .   (no cloak)
rCorr   .          Rampage  .   (gloves unavailable)
Will    .....                   (boots unavailable)
Stlth   +.........              (no amulet)
HPRegen 0.94/turn               l - +6 ring of intelligence
MPRegen 0.10/turn               (no ring)

@: hasted, heavily drained, very quick
A: large, unfitting armour, claws 3, regeneration 1, shaggy fur 1, tough skin 1
a: no special abilities


You were on level 3 of the Dungeon.
You visited 1 branch of the dungeon, and saw 4 of its levels.

You collected 308 gold pieces.

Inventory:

Hand Weapons
 c - a +0 spear
 n - a +1 whip of venom (weapon)
Armour
 a - a +1 robe (worn)
Jewellery
 l - a +6 ring of intelligence (left claw)
Wands
 r - a wand of flame (15)
Scrolls
 h - 3 scrolls of poison
 m - 2 scrolls of teleportation
 p - 3 scrolls of blinking
Potions
 b - a potion of magic
 d - a potion of brilliance {unknown}
 e - a potion of ambrosia {unknown}
 g - a potion of lignification {unknown}
 j - a potion of might {unknown}
 k - a potion of attraction {unknown}
 o - a potion of resistance {unknown}
 q - a potion of berserk rage {unknown}


   Skills:
 + Level 2.9 Maces & Flails
 + Level 3.6 Dodging
 - Level 1.0 Stealth
 + Level 1.5 Spellcasting
 + Level 4.3 Summonings


You had 2 spell levels left.
You knew the following spells:

 Your Spells              Type           Power      Damage    Failure   Level
a - Summon Small Mammal   Summ           68%        N/A       3%          1
b - Call Imp              Summ           17%        N/A       4%          2
c - Call Canine Familiar  Summ           17%        N/A       9%          3

Your spell library contained the following spells:

 Spells                   Type           Power      Damage    Failure   Level
 Sandblast                Erth           2%         2d4       19%         1
 Passwall                 Tmut/Erth      0%         N/A       26%         2
 Summon Guardian Golem    Hex/Summ       9%         N/A       22%         3
 Stone Arrow              Conj/Erth      2%         3d7       47%         3
 Summon Lightning Spire   Summ/Air       9%         N/A       58%         4
 Dispersal                Tloc           0%         N/A       100%        6
 Disjunction              Tloc           0%         N/A       100%        8


Dungeon Overview and Level Annotations

Branches:
Dungeon (4/15)
 Temple: D:4-7

Altars:
Ashenzari

Shops:
D:1 (


Innate Abilities, Weirdness & Mutations

You are too large for most types of armour.
You have claws for hands.
Your natural rate of healing is unusually fast.
You are covered in fur. (AC +1)
You have tough skin. (AC +1)


Message History

Unknown command.
Your crimson imp blinks!
The wight attacks as you move away! The wight barely misses you.
The wight hits you with a +0 mace. The wight attacks as you move away!
The wight hits you with a +0 mace.
You feel drained.
There is a stone staircase leading up here.
The wight hits you with a +0 mace!
* * * LOW HITPOINT WARNING * * *
You climb upwards.
There is a stone staircase leading down here.
You feel better. The wight hits you with a +0 mace!
You feel better. The wight completely misses you.
You feel yourself speed up. The wight hits you with a +0 mace!
You feel drained.
You hit the wight but do no damage. The wight hits you with a +0 mace.
* * * LOW HITPOINT WARNING * * *
You feel drained.
* * * LOW HITPOINT WARNING * * *
You hit the wight but do no damage. The wight misses you.
You hit the wight.
The wight is moderately damaged.
You barely miss the wight.
The wight is moderately damaged.
The wight closely misses you.
You hit the wight but do no damage.
The wight is moderately damaged.
The wight hits you with a +0 mace.
* * * LOW HITPOINT WARNING * * *
You feel drained.
You whack the wight!
The wight is severely damaged.
You closely miss the wight.
The wight is severely damaged.
The wight hits you with a +0 mace.
* * * LOW HITPOINT WARNING * * *
You hit the wight.
The wight is almost destroyed.
The wight hits you with a +0 mace!
You die...

#.....#
######.....#######
.......###.......#
###....#.#..####.#
#....##.##.# #.#
##...#...#.# #.#
##...###†.# #.#
#..#...#.####z#
#..##.##.#...@#
##+..#.#....####
##.....#...#.#
##.....###..#.##
#.......#...#..##
.......#.#..#...##
......##.##......#
......#...#.#....###
#......###..#).#...##


You could see a wight.

Vanquished Creatures
  A necrophage (D:3)
  A wight (D:4)
  A water moccasin zombie (D:3)
  The ghost of JayTehDuck the Trooper, a weakling MiBe of Trog (D:3)
  A centaur skeleton (D:3)
  2 iguanas (D:4)
  An orc wizard (D:4)
  2 adders
  A worm (D:4)
  2 dart slugs
  7 orcs
  6 ball pythons
  8 endoplasms
  3 giant cockroaches (D:3)
  5 hobgoblins
  12 kobolds
  4 quokkas
  6 bats
  A frilled lizard (D:1)
  5 goblins
  4 rats
74 creatures vanquished.

Notes
Turn   | Place    | Note
-------+----------+-------------------------------------------
     0 | D:1      | zeram the Troll Summoner began the quest for the Orb.
     0 | D:1      | Reached XP level 1. HP: 16/16 MP: 1/1
    10 | D:1      | Found a faded altar of an unknown god.
    50 | D:1      | Reached skill level 3 in Summonings
   119 | D:1      | Found Diycip's Weapon Shoppe.
   218 | D:1      | Reached XP level 2. HP: 24/24 MP: 2/2
   699 | D:2      | Reached XP level 3. HP: 30/31 MP: 4/4
   702 | D:2      | Learned a level 2 spell: Call Imp
  1334 | D:3      | Found a runed translucent gate.
  1334 | D:3      | Found a runed translucent gate.
  1334 | D:3      | Found a runed translucent gate.
  1343 | D:3      | Noticed JayTehDuck's ghost (weakling MiBe)
  1533 | D:3      | Reached XP level 4. HP: 39/39 MP: 5/5
  1727 | D:3      | Reached skill level 4 in Summonings
  1884 | D:3      | Noticed a necrophage
  1909 | D:3      | Killed a necrophage
  1910 | D:3      | Reached XP level 5. HP: 27/45 MP: 6/6
  1914 | D:3      | Learned a level 3 spell: Call Canine Familiar
  2197 | D:3      | Killed JayTehDuck's ghost
  2198 | D:3      | Reached skill level 1 in Maces & Flails
  2296 | D:3      | Reached XP level 6. HP: 53/53 MP: 7/7
  2657 | D:4      | Found a broken altar of Ashenzari.
  2918 | D:3      | Mangled by a wight

Illustrated notes

Levels and vault maps discovered:
D:1:      dpeg_arrival_stone_temple_mockup, layout_rooms,
          ebering_ecumenical_altar_webs, serial_shops,
          nicolae_shop_advertising_works [nicolae_subvault_shop_adworks]
D:2:      layout_basic, minmay_goblin_kobold_house
D:3:      layout_loops_corners, gammafunk_ghost_necromancy, minmay_ruptured
D:4:      layout_layer_cave, kennysheep_little_box

Skill      XL: |  1  2  3  4  5  6 |
---------------+-------------------+-----
Summonings     | 3 4 |  4.3
Dodging        | 2 3 |  3.6
Maces & Flails | 1 2 |  2.9
Stealth        | |  1.0
Spellcasting   | |  1.5

Action                   |  1- 3 |  4- 6 || total
-------------------------+-------+-------++-------
Melee: Unarmed           |    10 |       ||    10
       Spear             |   146 |       ||   146
       Whip              |    24 |   173 ||   197
       Punch             |       |     1 ||     1
 Cast: Call Imp          |       |     3 ||     3
  Use: Scroll            |     2 |     8 ||    10
       Potion            |       |     5 ||     5
 Stab: Sleeping          |     4 |     1 ||     5
Armor: Robe              |    63 |    66 ||   129
Dodge: Dodged            |    81 |    85 ||   166
